General information
			
			
        
        - name: BNet
 
        - type: Ladder team game (AT/RT)
 
        - host: Battle.net
 
        - saver: thelaghotel
 
        
map: PhantomGrove 
        - players: 4
 
        - length: 16:55
 
        - speed: Fast
 - version: 1.22 W3XP
 - replay type:  Public
 
» download(98 KB)
Players
        team 1 (winner) 
              
              
» 
thelaghotel (
green | 88 APM | 1490 actions | 16:55)
              
 5 Beastmaster 
 2 Summon Quilbeast
 3 Summon Hawk
 5 Shadow Hunter 
 3 Hex
 2 Healing Wave
 
                » actions 
                
                | Assign group hotkey | 300 |  | 
| Basic commands | 71 |  | 
| Build / train | 54 |  | 
| Enter build submenu | 15 |  | 
| Enter hero's abilities submenu | 10 |  | 
| Give item / drop item | 3 |  | 
| Remove unit from queue | 1 |  | 
| Right click | 551 |  | 
| Select / deselect | 328 |  | 
| Select group hotkey | 68 |  | 
| Use ability | 89 |  | 
                1490 total
 » units 
                
                | Peon | 8 |  | 
| Grunt | 8 |  | 
| Raider | 2 |  | 
| Wind Rider | 4 |  | 
                22 total
 » upgrades
                
                | Berserker Strength | 1 |  | 
| Ensnare | 1 |  | 
| Armor | 2 |  | 
| Envenomed Spears | 1 |  | 
| Ranged Weapons | 1 |  | 
                6 total
 » buildings
                
                | Altar of Storms | 3 |  | 
| Orc Burrow | 6 |  | 
| Barracks | 1 |  | 
| War Mill | 1 |  | 
| Voodoo Lounge | 1 |  | 
| Stronghold | 1 |  | 
| Beastiary | 2 |  | 
| Fortress | 1 |  | 
                16 total
 » build order
                00:05 Altar of Storms
00:11 Altar of Storms
00:12 Altar of Storms
00:36 Orc Burrow
00:47 Barracks
01:53 War Mill
02:09 Orc Burrow
02:38 Voodoo Lounge
03:55 Orc Burrow
04:14 Stronghold
07:09 Beastiary
07:11 Orc Burrow
07:16 Beastiary
09:22 Fortress
10:44 Orc Burrow
12:29 Orc Burrow
» items
                
                | Healing Salve | 4 |  | 
| Lesser Clarity Potion | 3 |  | 
| Scroll of Town Portal | 1 |  | 
| Scroll of Speed | 2 |  | 
| Scroll of Regeneration | 1 |  | 
                11 total
  
               
              
              
phatlieu328 (
yellow | 114 APM | 1935 actions | 16:55)
              
 5 Mountain King 
 3 Storm Bolt
 2 Bash
 1 Paladin 
 1 Holy Light
 
                » actions 
                
                | Assign group hotkey | 24 |  | 
| Basic commands | 1 |  | 
| Build / train | 55 |  | 
| Enter build submenu | 26 |  | 
| Enter hero's abilities submenu | 6 |  | 
| Give item / drop item | 1 |  | 
| Remove unit from queue | 6 |  | 
| Right click | 679 |  | 
| Select / deselect | 294 |  | 
| Select group hotkey | 773 |  | 
| Use ability | 70 |  | 
                1935 total
 » units 
                
                | Peasant | 8 |  | 
| Rifleman | 10 |  | 
| Mortar Team | 2 |  | 
                20 total
 » upgrades
                
                | Gunpowder | 1 |  | 
| Long Rifles | 1 |  | 
| Flare | 1 |  | 
                3 total
 » buildings
                
                | Altar of Kings | 1 |  | 
| Farm | 9 |  | 
| Scout Tower | 1 |  | 
| Arcane Tower | 1 |  | 
| Blacksmith | 2 |  | 
| Barracks | 1 |  | 
| Lumber Mill | 1 |  | 
| Arcane Vault | 2 |  | 
| Keep | 1 |  | 
| Arcane Sanctum | 1 |  | 
| Workshop | 1 |  | 
| Castle | 4 |  | 
                25 total
 » build order
                00:37 Altar of Kings
00:39 Farm
01:21 Scout Tower
01:53 Arcane Tower
01:58 Blacksmith
02:02 Blacksmith
02:14 Barracks
02:29 Lumber Mill
02:50 Farm
02:57 Farm
04:38 Arcane Vault
04:53 Farm
04:55 Farm
05:32 Arcane Vault
06:58 Keep
07:24 Farm
08:43 Farm
09:36 Arcane Sanctum
09:46 Workshop
10:19 Castle
10:23 Castle
10:23 Castle
10:24 Castle
11:57 Farm
12:50 Farm
» items
                
                | Boots of Speed | 1 |  | 
| Scroll of Regeneration | 3 |  | 
| Lesser Clarity Potion | 5 |  | 
| Scroll of Town Portal | 1 |  | 
| Potion of Mana | 2 |  | 
| Potion of Healing | 2 |  | 
                14 total
  
               team 2 (loser) 
              
              
felder (
pink | 130 APM | 2172 actions | 16:44)
              
 4 Tauren Chieftain 
 2 Endurance Aura
 2 Shockwave
 3 Shadow Hunter 
 2 Healing Wave
 1 Hex
 
                » actions 
                
                | Assign group hotkey | 55 |  | 
| Basic commands | 116 |  | 
| Build / train | 73 |  | 
| Enter build submenu | 14 |  | 
| Enter hero's abilities submenu | 8 |  | 
| Give item / drop item | 3 |  | 
| Right click | 712 |  | 
| Select / deselect | 416 |  | 
| Select group hotkey | 714 |  | 
| Use ability | 61 |  | 
                2172 total
 » units 
                
                | Peon | 7 |  | 
| Grunt | 15 |  | 
| Shaman | 7 |  | 
| Tauren | 4 |  | 
| Spirit Walker | 2 |  | 
                35 total
 » upgrades
                
                | Melee Weapons | 1 |  | 
| Shaman Training | 2 |  | 
| Pulverize | 1 |  | 
                4 total
 » buildings
                
                | Altar of Storms | 1 |  | 
| Orc Burrow | 6 |  | 
| Barracks | 1 |  | 
| Voodoo Lounge | 1 |  | 
| Stronghold | 7 |  | 
| War Mill | 1 |  | 
| Fortress | 1 |  | 
| Spirit Lodge | 2 |  | 
| Tauren Totem | 1 |  | 
                21 total
 » build order
                00:04 Altar of Storms
00:15 Orc Burrow
00:37 Barracks
01:46 Orc Burrow
01:58 Voodoo Lounge
03:04 Stronghold
03:05 Stronghold
03:05 Stronghold
03:05 Stronghold
03:38 Orc Burrow
04:05 War Mill
04:42 Orc Burrow
06:21 Fortress
07:27 Spirit Lodge
07:29 Spirit Lodge
09:01 Tauren Totem
11:02 Orc Burrow
11:19 Orc Burrow
» items
                
                | Healing Salve | 7 |  | 
| Scroll of Town Portal | 1 |  | 
| Orb of Lightning | 5 |  | 
                13 total
  
               
              
              
Rafta (
orange | 91 APM | 1544 actions | 16:54)
              
 3 Archmage 
 2 Summon Water Elemental
 1 Brilliance Aura
 3 Beastmaster 
 2 Summon Bear
 1 Summon Quilbeast
 2 Paladin 
 1 Holy Light
 1 Divine Shield
 
                » actions 
                
                | Assign group hotkey | 28 |  | 
| Basic commands | 4 |  | 
| Build / train | 58 |  | 
| ESC pressed | 1 |  | 
| Enter build submenu | 21 |  | 
| Enter hero's abilities submenu | 8 |  | 
| Give item / drop item | 2 |  | 
| Remove unit from queue | 2 |  | 
| Right click | 643 |  | 
| Select / deselect | 373 |  | 
| Select group hotkey | 332 |  | 
| Use ability | 72 |  | 
                1544 total
 » units 
                
                | Peasant | 12 |  | 
| Footman | 3 |  | 
| Sorceress | 7 |  | 
| Priest | 2 |  | 
| Spell Breaker | 1 |  | 
| Kobold Geomancer | 1 |  | 
| Flying Machine | 6 |  | 
                32 total
 » upgrades
                
                | Masonry | 1 |  | 
| Sorceress Training | 2 |  | 
| Priest Training | 2 |  | 
| Control Magic | 1 |  | 
| Flak Cannons | 1 |  | 
                7 total
 » buildings
                
                | Farm | 9 |  | 
| Altar of Kings | 1 |  | 
| Barracks | 1 |  | 
| Keep | 1 |  | 
| Lumber Mill | 1 |  | 
| Arcane Vault | 1 |  | 
| Scout Tower | 2 |  | 
| Blacksmith | 1 |  | 
| Guard Tower | 2 |  | 
| Arcane Sanctum | 2 |  | 
| Castle | 1 |  | 
| Workshop | 2 |  | 
                24 total
 » build order
                00:20 Farm
00:37 Altar of Kings
00:51 Barracks
00:58 Farm
01:37 Farm
02:56 Keep
03:03 Lumber Mill
03:30 Arcane Vault
03:53 Scout Tower
04:40 Blacksmith
04:41 Guard Tower
05:39 Arcane Sanctum
06:08 Arcane Sanctum
06:12 Castle
06:14 Farm
06:26 Farm
06:27 Scout Tower
06:58 Farm
07:31 Workshop
08:03 Guard Tower
10:11 Workshop
11:43 Farm
11:44 Farm
12:47 Farm
» items
                
                | Scroll of Regeneration | 1 |  | 
| Scroll of Town Portal | 1 |  | 
                2 total
  
                Chat log
          (00:17 / Allies) thelaghotel: what racers were they?
(00:22 / All) thelaghotel: afk ally
(00:23 / All) thelaghotel: gg
(00:48 / Allies) phatlieu328: i do range
(00:56 / Allies) thelaghotel: u do afk
(00:57 / Allies) thelaghotel: rly well
(01:06 / Allies) phatlieu328: thank you
(05:13 / Allies) thelaghotel: repair ur tower
(05:14 / Allies) thelaghotel: now
(06:40 / Allies) thelaghotel: no archmage..
(06:40 / Allies) thelaghotel: qq
(13:03 / Allies) thelaghotel: rdy to hit?
(13:17 / Allies) thelaghotel: k
(13:17 / Allies) thelaghotel: go
(13:19 / Allies) thelaghotel: millitia
(13:19 / Allies) thelaghotel: and go
(13:20 / Allies) thelaghotel: go
(13:20 / Allies) thelaghotel: go
(16:12 / Allies) phatlieu328: gold?